 Dungeon Crawl Stone Soup version 0.32-a0-898-g7811c86cf0 (webtiles) character file.

Game seed: 11540891951020631409

370 Biggs the Shooter (level 6, -1/44 HPs)
             Began as a Coglin Hunter on Apr 5, 2024.
             Slain by an orc
             ... wielding a +0 war axe
              (7 damage)
             ... on level 4 of the Dungeon.
             The game lasted 00:02:54 (2139 turns).

Biggs the Shooter (Coglin Hunter)                   Turns: 2139, Time: 00:02:55

Health: -1/44      AC:  5    Str: 11    XL:     6   Next: 70%
Magic:  6/6        EV: 11    Int:  8    God:
Gold:   196        SH:  0    Dex: 20    Spells: 5/5 levels left

rFire   . . .        a - +2 sling {Charoen}
rCold   . . .        d - +0 sling {Lwandle}
rNeg    . . .        c - +0 leather armour
rPois   .            e - +1 helmet
rElec   .            (no cloak)
rCorr   .            (no gloves)
SInv    .            (no boots)
Will    .....        (amulet unavailable)
Stlth   +            (ring unavailable)
HPRegen 0.27/turn    (ring unavailable)
MPRegen 0.10/turn    (no gizmo)

%: no passive effects
@: confused
A: off-hand wielding, slow wielding, warmup strikes, no jewellery
a: Invent Gizmo, Convert to Beogh


You were on level 4 of the Dungeon.
You visited 1 branch of the dungeon, and saw 4 of its levels.

You collected 196 gold pieces.

Inventory:

Hand Weapons
 a - a +2 sling (weapon) {Charoen}
 d - a +0 sling (offhand) {Lwandle}
Armour
 c - a +0 leather armour (worn)
 e - a +1 helmet (worn)
 k - a +1 hat
Scrolls
 b - a scroll of butterflies
 f - 3 scrolls of enchant weapon {unknown}
 g - a scroll of amnesia {unknown}
 h - 4 scrolls of identify {unknown}
 j - a scroll of enchant armour {unknown}
 l - 2 scrolls of fear {unknown}
 m - 2 scrolls of teleportation {unknown}
 n - a scroll of poison {unknown}
Potions
 i - a potion of might {unknown}


   Skills:
 - Level 2.0 Fighting
 + Level 7.1 Ranged Weapons
 - Level 1.7 Dodging
 - Level 0.7 Stealth


You had 5 spell levels left.
You didn't know any spells.
Your spell library was empty.

Dungeon Overview and Level Annotations

Branches:
Dungeon (4/15)
 Temple: D:4-7

Altars:


Innate Abilities, Weirdness & Mutations

You can wield a second weapon in your off-hand.
It takes a long time for you to wield or remove held weapons.
Your first few attacks do less damage.
You cannot equip rings or amulets.


Message History

You shoot a sling bullet.
The sling bullet hits the orc wizard but does no damage.
The orc wizard is moderately wounded.
The endoplasm freezes you.
You are frozen.
The orc priest invokes the aid of Beogh against you.
Pain shoots through your body!
The orc wizard hits you with a +0 dagger.
Unknown command.
The endoplasm freezes you.
You are frozen.
The orc wizard points at you and mumbles some strange words.
You are confused.
In your confused state, you trip and fall back down the stairs.
The orc wizard misses you. The orc hits you but does no damage.
The endoplasm hits you.
The orc priest hits you with a +0 hand axe.
Unknown command.
Unknown command.
The endoplasm freezes you.
You are frozen.
The orc wizard hits you with a +0 dagger.
The orc hits you with a +0 war axe.
The orc priest shouts, "The Pantheon deserves no one's loyalty.
Let us show you the true path!" (press Y on the ability menu to convert to Beogh) In your confused state, you trip and fall back down the stairs.
The orc hits you with a +0 war axe.
The orc wizard hits you with a +0 dagger.
* * * LOW HITPOINT WARNING * * *
The endoplasm barely misses you. The endoplasm freezes you.
You are frozen.
* * * LOW HITPOINT WARNING * * *
The orc priest shouts, "The Pantheon deserves no one's loyalty.
Let us show you the true path!" The orc priest closely misses you.
The orc barely misses you.
The orc wizard gestures at you while chanting.
The magic dart hits you.
* * * LOW HITPOINT WARNING * * *
The orc hits you with a +0 war axe!
You die...

#...########
#........#.#
##..........##
............>
#.........#
#......... .
#..ooo.#....
#...@o......
#...J#####..
.........
##.#...### #
#... ###. #.
#.


You could see an orc priest, an orc wizard, 2 orcs and an endoplasm.

Vanquished Creatures
  Sigmund (D:2)
  Jessica (D:3)
  Natasha (thrice) (D:3)
  Robin (D:3)
  A gnoll (D:1)
  3 adders
  A ribbon worm (D:2)
  2 dart slugs
  4 bats
  5 endoplasms
  2 giant cockroaches (D:1)
  14 goblins
  6 hobgoblins
  6 jackals (D:2)
  4 quokkas
  3 ball pythons (D:1)
  7 frilled lizards
  2 kobolds (D:1)
  3 rats
69 creatures vanquished.

Notes
Turn   | Place    | Note
-------+----------+-------------------------------------------
     0 | D:1      | Biggs the Coglin Hunter began the quest for the Orb.
     0 | D:1      | Reached XP level 1. HP: 16/16 MP: 1/1
    65 | D:1      | Reached skill level 4 in Ranged Weapons
    65 | D:1      | Reached XP level 2. HP: 22/22 MP: 2/2
   158 | D:1      | Reached XP level 3. HP: 27/27 MP: 3/3
   522 | D:2      | Found a faded altar of an unknown god.
   563 | D:2      | Noticed Sigmund
   616 | D:2      | Killed Sigmund
   617 | D:2      | Reached skill level 6 in Ranged Weapons
   617 | D:2      | Reached XP level 4. HP: 10/33 MP: 4/4
   617 | D:2      | Reached XP level 5. HP: 12/38 MP: 5/5
  1270 | D:3      | Noticed Robin
  1282 | D:2      | Reached XP level 6. HP: 4/44 MP: 6/6
  1610 | D:3      | Killed Robin
  1769 | D:3      | Noticed Natasha
  1773 | D:3      | Killed Natasha
  1889 | D:3      | Noticed Jessica
  1892 | D:3      | Killed Jessica
  1980 | D:3      | Noticed Natasha
  1985 | D:3      | Killed Natasha
  1986 | D:3      | Reached skill level 7 in Ranged Weapons
  2050 | D:3      | Noticed Natasha
  2054 | D:3      | Killed Natasha
  2139 | D:4      | Slain by an orc

Illustrated notes

Levels and vault maps discovered:
D:1:      lemuel_arrival_behind_the_door_small, layout_rooms, nicolae_titane
D:2:      layout_loops_cross, hellmonk_ecumenical_altar_dog_temple, uniq_sigmund
D:3:      layout_rooms, uniq_jessica, uniq_robin, uniq_natasha
D:4:      layout_basic, serial_park_tiny_pond

Skill      XL: |  1  2  3  4  5  6 |
---------------+-------------------+-----
Ranged Weapons | 4 6 7 |  7.1
Fighting       | |  2.0
Dodging        | |  1.7
Stealth        | |  0.7

Action                     |  1- 3 |  4- 6 || total
---------------------------+-------+-------++-------
   Fire: Sling             |   130 |   168 ||   298
    Use: Potion            |       |     1 ||     1
 Armour: Leather armour    |    12 |    68 ||    80
         Skin              |       |     9 ||     9
  Dodge: Dodged            |     6 |    37 ||    43

Table legend: (Time is in decaauts)
 A = Elapsed time spent in this place.
 B = Non-inter-level travel time spent in this place.
 C = Inter-level travel time spent in this place.
 D = Time resting spent in this place.
 E = Time spent auto-exploring this place.
 F = Levels seen in this place.
 G = Mean time per level.
                   A        B        C        D        E       F      G
               +--------+--------+--------+--------+--------+-----+--------+
         Total |   2168 |   2097 |     71 |    314 |   1445 |   4 |  542.0 |
       Dungeon |   2168 |   2097 |     71 |    314 |   1445 |   4 |  542.0 |
               +--------+--------+--------+--------+--------+-----+--------+

Top non-repeatable levels by time:
     D:2: 1108 daAuts
     D:3: 543 daAuts
     D:1: 509 daAuts
     D:4: 7 daAuts
